 Dungeon Crawl Stone Soup version 0.19-a0-1740-g0bcaf2e (webtiles) character file.

27 Alarkh the Grave Robber (level 2, 17/17 HPs)
             Began as a Mummy Necromancer on Oct 1, 2016.
             Was a Follower of Hepliaklqana.
             Safely got out of the dungeon.
             The game lasted 00:02:32 (1022 turns).

Alarkh the Grave Robber (Mummy Necromancer)         Turns: 1022, Time: 00:02:34

Health: 17/17      AC:  2    Str: 11    XL:     2   Next: 93%
Magic:  5/5        EV: 12    Int: 14    God:    Hepliaklqana [*.....]
Gold:   37         SH:  0    Dex: 12    Spells: 1 memorised, 5 levels left

rFire  x . .     SeeInvis .     (no weapon)
rCold  + . .     Gourm    .     a - +0 robe
rNeg   + + +     Faith    .     (no shield)
rPois  ∞         Spirit   .     (no helmet)
rElec  .         Dismiss  .     (no cloak)
rCorr  .         Reflect  .     (no gloves)
MR     .....     Harm     .     (no boots)
Stlth  ++........               (no amulet)
                                (no ring)
                                (no ring)

@: no status effects
A: no food or potions, fire vulnerability, reduced essence, cold resistance 1,
negative energy resistance 3, torment resistance, unbreathing
a: Recall Ancestor, Ancestor Identity, Renounce Religion


You escaped.
You worshipped Hepliaklqana.
Hepliaklqana was aware of your devotion.
You were not hungry.

You visited 1 branch of the dungeon, and saw 2 of its levels.

You collected 37 gold pieces.

Inventory:

Armour
 a - a +0 robe (worn)
 d - a +0 shield
Scrolls
 c - 2 scrolls of identify {unknown}
Books
 b - a book of Necromancy

   Spells                             Type                      Level
   a - Pain                           Necromancy                   1
   b - Animate Skeleton               Necromancy                   1
   c - Vampiric Draining              Necromancy                   3
   d - Regeneration                   Charms/Necromancy            3
   e - Animate Dead                   Necromancy                   4
   f - Control Undead                 Necromancy                   4


   Skills:
 - Level 1.5 Dodging
 - Level 1.5 Stealth
 + Level 2.6 Spellcasting
 + Level 4.5 Necromancy


You had 5 spell levels left.
You knew the following spells:

 Your Spells              Type           Power        Failure   Level  Hunger
a - Pain                  Necr           ##..         3%          1    N/A

Dungeon Overview and Level Annotations

Branches:
Dungeon (2/15)

Altars:
Hepliaklqana

Annotations:
D:2 Terence


Innate Abilities, Weirdness & Mutations

You do not eat or drink.
Your flesh is vulnerable to fire.
You are immune to poison.
Your flesh is cold resistant. (rC+)
You are immune to negative energy. (rN+++)
You are immune to unholy pain and torment.
You can survive without breathing.
Your life essence is reduced. (-10% HP)


Message History

Press: ? - help, v - describe, . - travel
Here: Æthelred the ancestor (friendly)
The floor.
Unknown command.
Something hits Æthelred! Æthelred is destroyed!
There is a stone staircase leading up here.
You climb upwards.
There is a stone staircase leading down here.
You see here 21 stones. Æthelred emerges from the mists of memory!
You can't go up here!
(D) Dungeon
Where to? (Enter - D:1 @ (x,y), ? - help)
There is an open door here.
There is an open door here.
There is an open door here.
There is a staircase leading out of the dungeon here.
Are you sure you want to leave the Dungeon?
This will make you lose the game!
You have escaped!

#######.....# ##### #.#
###### #.....# #...#
#.#####..... #######
#'#.###...........
#.#...............
#+#.####..........
#.#...............
##'######R.........
#######...#####..........
#.'.'.'.@R'.'.'.####....#
#.#####...####### #....#
#########.######'##
#....# ...............#.#
#....# ##############.#+#
##'### #.#.# #.# #.#'#
#.# #...# #.# #.### #.#


You could see the friendly Æthelred the ancestor.

Vanquished Creatures
  4 bats (D:1)
  3 giant cockroaches (D:1)
  A goblin (D:1)
  7 hobgoblins (D:1)
  2 frilled lizards (D:1)
  6 kobolds (D:1)
  A rat (D:1)
24 creatures vanquished.

Vanquished Creatures (others)
  An ancestor (D:2)
1 creature vanquished.

Grand Total: 25 creatures vanquished

Notes
Turn   | Place    | Note
-------+----------+-------------------------------------------
     0 | D:1      | Alarkh the Mummy Necromancer began the quest for the Orb.
     0 | D:1      | Reached XP level 1. HP: 13/13 MP: 3/3
   352 | D:1      | Reached XP level 2. HP: 19/19 MP: 0/5
   958 | D:2      | Found a faded altar of an unknown god.
   959 | D:2      | Noticed Terence
   965 | D:2      | Became a worshipper of Hepliaklqana
   965 | D:2      | Reached * piety under Hepliaklqana
  1022 | D:$      | Safely got out of the dungeon.

Vault maps used:
D:1:      minmay_arrival_doors, roderic_three_in_a_row
D:2:      ecumenical_altar_1, minmay_misc_feat_ornament, uniq_terence,
          uniq_robin

Action                   || total
-------------------------++-------
Melee: Unarmed           ||    18
 Cast: Pain              ||    41
Armor: Robe              ||     6
Dodge: Dodged            ||    30
